 Dungeon Crawl Stone Soup version 0.29.0-4-gdea44cf6ec (webtiles) character file.

Game seed: 10531188945025211800

2 qw the Sneak (level 1, -1/14 HPs)
             Began as a Gargoyle Delver on Sept 10, 2022.
             Slain by an orc
             ... wielding a +0 club
              (3 damage)
             ... on level 4 of the Dungeon.
             The game lasted 00:00:08 (839 turns).

qw the Sneak (Gargoyle Delver)                       Turns: 839, Time: 00:00:08

Health: -1/14      AC:  5    Str: 15    XL:     1   Next: 30%
Magic:  1/1        EV: 11    Int: 10    God:
Gold:   0          SH:  0    Dex: 11    Spells: 0/0 levels left

rFire   . . .      SeeInvis .   Y - +0 hand axe
rCold   . . .      Faith    .   (no shield)
rNeg    + . .      Spirit   .   b - +0 leather armour
rPois   inf        Reflect  .   (no helmet)
rElec   +          Harm     .   (no cloak)
rCorr   .          Rampage  .   (no gloves)
Will    .....                   (no boots)
Stlth   +++.......              (no amulet)
HPRegen 0.04/turn               (no ring)
MPRegen 0.07/turn               (no ring)

@: no status effects
A: sickness immunity, AC +2, negative energy resistance 1, electricity
resistance, torment resistance 1, petrification resistance
a: no special abilities


You were on level 4 of the Dungeon.
You visited 1 branch of the dungeon, and saw 2 of its levels.


Innate Abilities, Weirdness & Mutations

You are immune to sickness and miasma.
Your stone body is resilient. (AC +2)
You are immune to poison.
You resist negative energy. (rN+)
You are resistant to electric shocks. (rElec)
You are resistant to unholy torment.
You are immune to petrification.


   Skills:
 - Level 3.2 Fighting
 + Level 2.0 Axes
 - Level 1.5 Dodging
 - Level 5.4 Stealth


You couldn't memorise any spells.
You didn't know any spells.
Your spell library was empty.

Inventory:

Hand Weapons
 Y - a +0 hand axe (weapon)
Armour
 b - a +0 leather armour (worn)
Wands
 g - a wand of digging (3)
Potions
 f - a potion of haste
 h - a potion of degeneration {unknown}

Dungeon Overview and Level Annotations

Branches:
Dungeon (5/15)
 Temple: D:4-7

Altars:


Message History

827 ||| Stepping ~*~*~tactically~*~*~ (stealth).
Found 4 gold pieces.
828 ||| Stepping ~*~*~tactically~*~*~ (stealth).
The orc attacks as you move away! The orc closely misses you.
829 ||| Stepping ~*~*~tactically~*~*~ (stealth).
Found a scroll of fog.
You closely miss the orc. Your punch misses the orc. The orc barely misses you.
You closely miss the orc. The orc barely misses you.
You hit the orc.
The orc is lightly wounded.
The orc hits you but does no damage. The orc hits you with a +0 club.
You hit the orc.
The orc is moderately wounded.
The orc misses you.
You closely miss the orc.
The orc is moderately wounded.
The orc closely misses you.
You hit the orc but do no damage.
The orc is moderately wounded.
The orc hits you but does no damage.
You hit the orc but do no damage.
The orc is moderately wounded.
The orc hits you with a +0 club.
You closely miss the orc.
The orc is moderately wounded.
The orc barely misses you. The hobgoblin hits you.
The orc hits you with a +0 club.
You barely miss the orc.
The orc is moderately wounded.
You barely miss the hobgoblin.
The hobgoblin hits you but does no damage.
The orc barely misses you.
You barely miss the orc.
The orc is moderately wounded.
You barely miss the hobgoblin.
The hobgoblin hits you but does no damage.
The orc hits you with a +0 club.
You die...

# ### .. ..#
#.###.#####
#.#.#.#.#.#.#
#...........?
#.#.#@#.#.#.
#...og.......
#.#.#.#.#.#.#
#..........
#.#>#.#.#.#
#...........
#.#g#.#.#.#.#
#.......$....
###.#.#.#.#.


You could see an orc and a hobgoblin.

Vanquished Creatures
  An orc (D:5)
1 creature vanquished.

Notes
Turn   | Place    | Note
-------+----------+-------------------------------------------
     0 | D:5      | qw the Gargoyle Delver began the quest for the Orb.
     0 | D:5      | Reached XP level 1. HP: 14/14 MP: 1/1
     0 | D:5      | 0 ||| qw: Version: 0.1-a-117-gfe26ee0
     0 | D:5      | 0 ||| qw: Game counter: 9733
     0 | D:5      | 0 ||| qw: Always use a shield: true
     0 | D:5      | 0 ||| qw: God list: Okawaru
     0 | D:5      | 0 ||| qw: Allow faded altars: false
     0 | D:5      | 0 ||| qw: Do Orc after D:15 true
     0 | D:5      | 0 ||| qw: Do second Lair branch before Depths: true
     0 | D:5      | 0 ||| qw: Lair rune preference: random
     0 | D:5      | 0 ||| qw: Plans: Normal
     0 | D:5      | 0 ||| PLANNING D:1-11
    43 | D:5      | 43 ||| Stepping ~*~*~tactically~*~*~ (hiding).
   145 | D:5      | 145 ||| Stepping ~*~*~tactically~*~*~ (hiding).
   247 | D:5      | 247 ||| Stepping ~*~*~tactically~*~*~ (hiding).
   349 | D:5      | 349 ||| Stepping ~*~*~tactically~*~*~ (hiding).
   451 | D:5      | 451 ||| Stepping ~*~*~tactically~*~*~ (hiding).
   553 | D:5      | 553 ||| Stepping ~*~*~tactically~*~*~ (hiding).
   800 | D:5      | 800 ||| READING scroll labelled NYDAERPHESSERU.
   801 | D:5      | 801 ||| DROPPING scroll of fog.
   802 | D:5      | 802 ||| DROPPING scroll of magic mapping.
   803 | D:5      | 803 ||| DROPPING scroll of fear.
   817 | D:4      | 817 ||| Stepping ~*~*~tactically~*~*~ (stealth).
   819 | D:4      | 819 ||| Stepping ~*~*~tactically~*~*~ (stealth).
   820 | D:4      | 820 ||| Stepping ~*~*~tactically~*~*~ (stealth).
   821 | D:4      | 821 ||| Stepping ~*~*~tactically~*~*~ (stealth).
   822 | D:4      | 822 ||| Stepping ~*~*~tactically~*~*~ (stealth).
   823 | D:4      | 823 ||| Stepping ~*~*~tactically~*~*~ (stealth).
   824 | D:4      | 824 ||| Stepping ~*~*~tactically~*~*~ (stealth).
   827 | D:4      | 827 ||| Stepping ~*~*~tactically~*~*~ (stealth).
   828 | D:4      | 828 ||| Stepping ~*~*~tactically~*~*~ (stealth).
   829 | D:4      | 829 ||| Stepping ~*~*~tactically~*~*~ (stealth).
   837 | D:4      | HP: 2/14 [orc/+0 club (4)]
   839 | D:4      | Slain by an orc

Levels and vault maps discovered:
D:4:      layout_basic, grunt_qazlal_sundering, kennysheep_little_box,
          minmay_temple_entry_proselytizer, palyth_stone_intersect, st_stairs_10
D:5:      layout_basic, mainiacjoe_overflow_paths, grunt_ministairs_3,
          minmay_shop_mass, nzn_random_ring

Skill      XL: |  1 |
---------------+----+-----
Axes           | 2 |  2.0
Fighting       | |  3.2
Dodging        | |  1.5
Stealth        | |  5.4

Action                   || total
-------------------------++-------
Melee: Hand axe          ||    15
  Use: Scroll            ||     1
Armor: Leather armour    ||     8
Dodge: Dodged            ||     9

Table legend:
 A = Non-vault XP
 B = Vault XP
 C = Vault XP percentage of total XP
 D = Non-vault monster count
 E = Vault monster count
 F = Vault count percentage of total count
                 A         B        C        D         E       F
            +---------+---------+-------+---------+---------+-------
      Total |       3 |       0 |   0.0 |       1 |       0 |   0.0
            +---------+---------+-------+---------+---------+-------
        D:5 |       3 |       0 |   0.0 |       1 |       0 |   0.0
            +---------+---------+-------+---------+---------+-------
